 Dungeon Crawl Stone Soup version 0.31.0-11-ge490571c62 (webtiles) character file.

Game seed: 2790510995779453349

170 qw the Shooter (level 5, 0/26 HPs)
             Began as a Spriggan Hunter on Feb 3, 2024.
             Incinerated by a bombardier beetle (4 damage)
             ... with a burning spray
             ... on level 3 of the Dungeon.
             The game lasted 00:00:34 (1985 turns).

qw the Shooter (Spriggan Hunter)                    Turns: 1985, Time: 00:00:35

Health: 0/26       AC:  2    Str: 13    XL:     5   Next: 25%
Magic:  6/6        EV: 20    Int: 11    God:
Gold:   137        SH:  0    Dex: 20    Spells: 4/4 levels left

rFire   . . .        a - +0 shortbow (drain)
rCold   . . .        (shield currently unavailable)
rNeg    . . .        c - +0 robe
rPois   .            (helmet restricted)
rElec   .            (no cloak)
rCorr   .            (gloves unavailable)
SInv    +            (boots unavailable)
Will    .....        (no amulet)
Stlth   +            g - +6 ring of strength
HPRegen 0.24/turn    (no ring)
MPRegen 0.10/turn

%: no passive effects
@: on fire, glowing, very quick
A: very small, no large weapons, unfitting armour, see invisible, speed 3
a: no special abilities


You were on level 3 of the Dungeon.
You visited 1 branch of the dungeon, and saw 3 of its levels.

You collected 137 gold pieces.


Innate Abilities, Weirdness & Mutations

You are very small and have problems with some larger weapons.
You are too small for most types of armour.
You have supernaturally acute eyesight. (SInv)
You cover ground extremely quickly. (Speed+++)


   Skills:
 - Level 2.1 Fighting
 + Level 5.4 Ranged Weapons
 - Level 5.0 Dodging
 - Level 1.5 Stealth


You had 4 spell levels left.
You didn't know any spells.
Your spell library was empty.

Inventory:

Hand Weapons
 a - a +0 shortbow of draining (weapon)
Armour
 c - a +0 robe (worn)
Jewellery
 f - a ring of fire
 g - a +6 ring of strength (left hand)
Scrolls
 b - a scroll of teleportation
 h - a scroll of noise {unknown}
Potions
 d - a potion of brilliance {unknown}
 e - 2 potions of might {unknown}
 k - a potion of heal wounds

Dungeon Overview and Level Annotations

Branches:
Dungeon (3/15)

Altars:

Shops:
D:2 [


Message History

A bombardier beetle comes into view.
There is a stone staircase leading down here.
You shoot an arrow. The arrow hits the bombardier beetle.
The bombardier beetle is moderately wounded.
The bombardier beetle sprays incendiary fluid at you.
The burning spray misses you.
You shoot an arrow. The arrow hits the bombardier beetle.
The bombardier beetle is moderately wounded.
You shoot an arrow. The arrow hits the bombardier beetle.
The bombardier beetle is heavily wounded.
You shoot an arrow.
The arrow hits the bombardier beetle but does no damage.
The bombardier beetle is heavily wounded.
You shoot an arrow.
The arrow hits the bombardier beetle but does no damage.
You drain the bombardier beetle.
The bombardier beetle is severely wounded.
The bombardier beetle sprays incendiary fluid at you.
The burning spray hits you.
You are covered in liquid fire!
You shoot an arrow. The arrow hits the bombardier beetle.
You drain the bombardier beetle.
You kill the bombardier beetle!
The liquid fire burns you!
You have reached level 5!
You feel clever.
You are on fire!
The liquid fire burns you!
You are on fire!
The liquid fire burns you!
You are on fire!
The liquid fire burns you!
You are on fire!
The liquid fire burns you!
You are on fire!
The liquid fire burns you!
You are on fire!
The liquid fire burns you!
You are on fire!
The liquid fire burns you!
You die...

.#....#.#.######....#
.##.#.........##....#
....#...#...........#
....#.......#.#.....#
..#.#...#...#.#.....#
###.....#.#.#.#.....#
#.....#.###.##....#
#...........#...#.#
#.###.#.......@.#.#
#...#.#######.#.#.#
###.#.# #.#%.. #.#.#
#.#..... #.#.#
#.#....... #.#.#
#.##...... #.#.# #.#
...... #.#.# #.#
...... #.#.# #.#


There were no monsters in sight!

Vanquished Creatures
  A bombardier beetle (D:3)
  Jessica (D:2)
  Robin (D:2)
  3 adders
  4 dart slugs
  2 ribbon worms (D:3)
  An orc (D:3)
  3 ball pythons
  4 endoplasms
  5 giant cockroaches
  11 goblins
  7 hobgoblins
  6 bats
  A frilled lizard (D:1)
  4 kobolds
  3 rats (D:1)
57 creatures vanquished.

Notes
Turn   | Place    | Note
-------+----------+-------------------------------------------
     0 | D:1      | qw the Spriggan Hunter began the quest for the Orb.
     0 | D:1      | Reached XP level 1. HP: 10/10 MP: 2/2
     0 | D:1      | 0 ||| qw: Version: 0.3-a-155-g5e7d8dd
     0 | D:1      | 0 ||| qw: Game counter: 3158
     0 | D:1      | 0 ||| qw: Melee chars always use a shield: true
     0 | D:1      | 0 ||| qw: God list: Okawaru
     0 | D:1      | 0 ||| qw: Allow faded altars: false
     0 | D:1      | 0 ||| qw: Do Orc after clearing Dungeon:15 true
     0 | D:1      | 0 ||| qw: Do second Lair branch before Depths: true
     0 | D:1      | 0 ||| qw: Lair rune preference: random
     0 | D:1      | 0 ||| qw: Goals: Normal
     0 | D:1      | 0 ||| PLANNING D:1-11
    73 | D:1      | Reached skill level 3 in Dodging
   215 | D:1      | Reached XP level 2. HP: 12/14 MP: 3/3
   273 | D:1      | Found a faded altar of an unknown god.
   301 | D:1      | HP: 2/14 [kobold/+0 club (2)]
   493 | D:1      | Reached XP level 3. HP: 18/18 MP: 4/4
   731 | D:1      | 731 ||| READING scroll labelled WOSOREAVVA.
   732 | D:1      | 732 ||| READING 2 scrolls labelled BOXU XOAMEIK.
   732 | D:1      | 732 ||| IDENTIFYING fizzy puce potion
   733 | D:1      | 733 ||| READING scroll of identify.
   733 | D:1      | 733 ||| IDENTIFYING grey potion
   734 | D:1      | 734 ||| DRINKING 2 sapphire potions.
   735 | D:1      | 735 ||| DROPPING scroll of butterflies.
   736 | D:1      | 736 ||| DROPPING potion of invisibility.
   737 | D:1      | 737 ||| DROPPING potion of berserk rage.
   895 | D:2      | Found Ceph's Armour Shoppe.
   927 | D:2      | Noticed Robin
   943 | D:2      | HP: 3/18 [goblin/+0 dagger[Robin] (3)]
   944 | D:2      | 944 ||| DRINKING potion of heal wounds.
   945 | D:2      | Killed Robin
  1015 | D:2      | Noticed Jessica
  1017 | D:2      | Killed Jessica
  1018 | D:2      | Reached XP level 4. HP: 22/22 MP: 5/5
  1446 | D:2      | 1446 ||| UPGRADING to +6 ring of strength.
  1447 | D:2      | 1447 ||| READING 3 scrolls of identify.
  1447 | D:2      | 1447 ||| IDENTIFYING cyan potion
  1448 | D:2      | 1448 ||| READING 2 scrolls of identify.
  1448 | D:2      | 1448 ||| IDENTIFYING scroll labelled GAROYSAWONT
  1449 | D:2      | 1449 ||| READING scroll of identify.
  1449 | D:2      | 1449 ||| IDENTIFYING scroll labelled ZANIOT TEZA
  1450 | D:2      | 1450 ||| READING 2 scrolls labelled ISEISE SU COU.
  1450 | D:2      | 1450 ||| BRANDING +0 shortbow.
  1451 | D:2      | 1451 ||| READING scroll of brand weapon.
  1451 | D:2      | 1451 ||| BRANDING +0 shortbow of electrocution.
  1452 | D:2      | 1452 ||| READING scroll labelled KEOPNEN USCHUQOLL.
  1553 | D:2      | 1553 ||| DROPPING scroll of fear.
  1554 | D:2      | 1554 ||| DROPPING potion of degeneration.
  1979 | D:3      | Reached XP level 5. HP: 22/26 MP: 6/6
  1984 | D:3      | HP: 4/26 [burnt (3)]
  1985 | D:3      | Incinerated by a bombardier beetle

Levels and vault maps discovered:
D:1:      dpeg_arrival_three_same_balls, layout_loops_ring,
          ebering_ecumenical_altar_hall
D:2:      layout_loops_ring, serial_shops, shop, uniq_jessica, uniq_robin
D:3:      layout_basic

Skill      XL: |  1  2  3  4 |
---------------+-------------+-----
Dodging        | 3 4 5 |  5.0
Ranged Weapons | 5 |  5.4
Fighting       | 2 |  2.1
Stealth        | |  1.5

Action                     |  1- 3 |  4- 6 || total
---------------------------+-------+-------++-------
   Fire: Shortbow          |   112 |    49 ||   161
    Use: Scroll            |     3 |     6 ||     9
         Potion            |     2 |       ||     2
 Armour: Robe              |    32 |     3 ||    35
  Dodge: Dodged            |    63 |    14 ||    77

Table legend:
 A = Non-vault XP
 B = Vault XP
 C = Vault XP percentage of total XP
 D = Non-vault monster count
 E = Vault monster count
 F = Vault count percentage of total count
                 A         B        C        D         E       F
            +---------+---------+-------+---------+---------+-------
      Total |     171 |      72 |  29.6 |      45 |      12 |  21.1
            +---------+---------+-------+---------+---------+-------
        D:1 |      44 |       0 |   0.0 |      23 |       0 |   0.0
        D:2 |      49 |      72 |  59.5 |      15 |      12 |  44.4
        D:3 |      78 |       0 |   0.0 |       7 |       0 |   0.0
            +---------+---------+-------+---------+---------+-------
